| TOP OF THE 1ST |
|
Victoria Capitals batting - Pitching for Madison Brewers : RHP Yan-hao Chiu
|
|
Pitching: RHP Yan-hao Chiu
|
|
|
Batting: RHB Mike Reynolds
|
0-0: Swinging Strike 0-1: Ball 1-1: Foul Ball, location: 2F 1-2: Ball 2-2: Strikes out looking
|
|
Batting: RHB Caleb Dean
|
0-0: Called Strike 0-1: Ball 1-1: Called Strike 1-2: SOLO HOME RUN (Flyball, 9LD, EV 98.1 MPH), Distance : 356 ft
|
|
Batting: LHB Rick Harrison
|
0-0: Ball 1-0: Swinging Strike 1-1: Swinging Strike 1-2: Ball 2-2: Strikes out looking
|
|
Batting: LHB Willard Balcome
|
0-0: Ball 1-0: Ball 2-0: Ball 3-0: Base on Balls
|
|
Batting: RHB Josh Rentz
|
0-0: Called Strike 0-1: Foul Ball, location: 2F 0-2: Ball 1-2: Foul Ball, location: 2F 1-2: Strikes out swinging
|
| Top of the 1st over - 1 run, 1 hit, 0 errors, 1 left on base; Victoria 1 - Madison 0 |
| BOTTOM OF THE 1ST |
|
Madison Brewers batting - Pitching for Victoria Capitals : RHP Jon Lima
|
|
Pitching: RHP Jon Lima
|
|
|
Batting: RHB Ben Follett
|
0-0: Foul Ball, location: 2F 0-1: Ball 1-1: Ball 2-1: Ground out 2-3 (Groundball, 13S, EV 75.0 MPH)
|
|
Batting: SHB Sammar Wambugu
|
0-0: Ball 1-0: Called Strike 1-1: Foul Ball, location: 2F 1-2: Foul Ball, location: 2F 1-2: Fly out, F8 (Flyball, 8RD, EV 97.5 MPH)
|
|
Batting: LHB Danny Roberts
|
0-0: Called Strike 0-1: DOUBLE (Line Drive, 3D, EV 96.2 MPH)
|
|
Batting: RHB Jelani Griffin
|
0-0: Fly out, F7 (Flyball, 78D, EV 91.9 MPH)
|
| Bottom of the 1st over - 0 runs, 1 hit, 0 errors, 1 left on base; Victoria 1 - Madison 0 |
| TOP OF THE 2ND |
|
Victoria Capitals batting - Pitching for Madison Brewers : RHP Yan-hao Chiu
|
|
Batting: LHB Jason Cary
|
0-0: Called Strike 0-1: Ball 1-1: DOUBLE (Line Drive, 78XD, EV 101.9 MPH)
|
|
Batting: LHB Mike Jones
|
0-0: Ball 1-0: Foul Ball, location: 2F 1-1: SINGLE (Groundball, P, EV 95.6 MPH) Jason Cary to third
|
|
Batting: RHB Hyeon-cheong Lee
|
0-0: Foul Ball, location: 2F 0-1: Swinging Strike 0-2: Strikes out swinging
|
|
Batting: RHB Ray Wathey
|
0-0: Ball 1-0: SINGLE (Groundball, 56S, EV 66.9 MPH) (infield hit) Jason Cary scores Mike Jones to second
|
|
Batting: RHB Mike Reynolds
|
0-0: Ball 1-0: Ball 2-0: Called Strike 2-1: Swinging Strike 2-2: Strikes out swinging
|
|
Batting: RHB Caleb Dean
|
0-0: Called Strike 0-1: Ball 1-1: Called Strike 1-2: Ball 2-2: Ball 3-2: Ground out 5-3 (Groundball, 56S, EV 76.2 MPH)
|
| Top of the 2nd over - 1 run, 3 hits, 0 errors, 2 left on base; Victoria 2 - Madison 0 |
| BOTTOM OF THE 2ND |
|
Madison Brewers batting - Pitching for Victoria Capitals : RHP Jon Lima
|
|
Batting: RHB Cory Taylor
|
0-0: Called Strike 0-1: Foul Ball, location: 2F 0-2: Hit by Pitch
|
|
Batting: RHB Patrick Foote
|
0-0: Ball 1-0: Called Strike 1-1: SINGLE (Line Drive, 4D, EV 100.6 MPH) Cory Taylor to second
|
|
Batting: RHB Dave Guevara
|
0-0: Fielders Choice at 3rd, U5 (Groundball, 5L, EV 105.0 MPH) Patrick Foote to second
|
|
Batting: RHB Kelan Rae
|
0-0: Ball 1-0: Ball 2-0: Foul Ball, location: 2F 2-1: Ball 3-1: Foul Ball, location: 2F 3-2: Foul Ball, location: 2F 3-2: Strikes out looking
|
|
Batting: LHB Andy Underwood
|
0-0: Ball 1-0: 3-RUN HOME RUN (Line Drive, 78XD, EV 110.6 MPH), Distance : 430 ft
|
|
Batting: RHB Ben Follett
|
0-0: Called Strike 0-1: Foul Ball, location: 2F 0-2: Fly out, F4 (Popup, 4M, EV 60.0 MPH)
|
| Bottom of the 2nd over - 3 runs, 2 hits, 0 errors, 0 left on base; Victoria 2 - Madison 3 |
| TOP OF THE 3RD |
|
Victoria Capitals batting - Pitching for Madison Brewers : RHP Yan-hao Chiu
|
|
Batting: LHB Rick Harrison
|
0-0: Foul Ball, location: 2F 0-1: Ball 1-1: Foul Ball, location: 2F 1-2: Foul Ball, location: 2F 1-2: Ball 2-2: Foul Ball, location: 2F 2-2: Foul Ball, location: 2F 2-2: Ball 3-2: Base on Balls
|
|
Batting: LHB Willard Balcome
|
0-0: Called Strike Rick Harrison is caught stealing 2nd base 2-6 0-1: Called Strike 0-2: Foul Ball, location: 2F 0-2: Strikes out swinging
|
|
Batting: RHB Josh Rentz
|
0-0: Ball 1-0: Ball 2-0: Called Strike 2-1: Called Strike 2-2: Ball 3-2: Foul Ball, location: 2F 3-2: Base on Balls
|
|
Batting: LHB Jason Cary
|
0-0: SINGLE (Flyball, 6D, EV 83.8 MPH) Josh Rentz to second
|
|
Batting: LHB Mike Jones
|
0-0: Ball 1-0: Hit by Pitch Josh Rentz to third Jason Cary to second
|
|
Batting: RHB Hyeon-cheong Lee
|
0-0: Ball 1-0: Foul Ball, location: 2F 1-1: Swinging Strike 1-2: Foul Ball, location: 2F 1-2: Ball 2-2: Ball 3-2: Strikes out swinging
|
| Top of the 3rd over - 0 runs, 1 hit, 0 errors, 3 left on base; Victoria 2 - Madison 3 |
| BOTTOM OF THE 3RD |
|
Madison Brewers batting - Pitching for Victoria Capitals : RHP Jon Lima
|
|
Batting: SHB Sammar Wambugu
|
0-0: Ball 1-0: Ball 2-0: Called Strike 2-1: Ball 3-1: Foul Ball, location: 2F 3-2: Foul Ball, location: 2F 3-2: Base on Balls
|
|
Batting: LHB Danny Roberts
|
0-0: Fly out, F8 (Flyball, 89M, EV 80.0 MPH)
|
|
Batting: RHB Jelani Griffin
|
0-0: Ball 1-0: Ball 2-0: Ball 3-0: Fly out, F9 (Flyball, 89D, EV 102.5 MPH)
|
|
Batting: RHB Cory Taylor
|
0-0: Ball 1-0: Fly out, F8 (Flyball, 8RS, EV 85.6 MPH)
|
| Bottom of the 3rd over - 0 runs, 0 hits, 0 errors, 1 left on base; Victoria 2 - Madison 3 |
| TOP OF THE 4TH |
|
Victoria Capitals batting - Pitching for Madison Brewers : RHP Yan-hao Chiu
|
|
Batting: RHB Ray Wathey
|
0-0: Ball 1-0: Called Strike 1-1: Foul Ball, location: 2F 1-2: Strikes out swinging
|
|
Batting: RHB Mike Reynolds
|
0-0: Foul Ball, location: 2F 0-1: Fly out, F7 (Flyball, 78D, EV 102.5 MPH)
|
|
Batting: RHB Caleb Dean
|
0-0: Ball 1-0: Called Strike 1-1: Called Strike 1-2: Ball 2-2: Ball 3-2: Foul Ball, location: 2F 3-2: Fly out, F6 (Line Drive, 6M, EV 67.5 MPH)
|
| Top of the 4th over - 0 runs, 0 hits, 0 errors, 0 left on base; Victoria 2 - Madison 3 |
| BOTTOM OF THE 4TH |
|
Madison Brewers batting - Pitching for Victoria Capitals : RHP Jon Lima
|
|
Batting: RHB Patrick Foote
|
0-0: Ball 1-0: Ball 2-0: Called Strike 2-1: Ball 3-1: Foul Ball, location: 2F 3-2: Strikes out swinging
|
|
Batting: RHB Dave Guevara
|
0-0: Foul Ball, location: 2F 0-1: Swinging Strike 0-2: Ball 1-2: Strikes out swinging, 2-3 out at first.
|
|
Batting: RHB Kelan Rae
|
0-0: Ball 1-0: Called Strike 1-1: Ball 2-1: Swinging Strike 2-2: Foul Ball, location: 2F 2-2: Ball 3-2: Foul Ball, location: 2F 3-2: Base on Balls
|
|
Batting: LHB Andy Underwood
|
0-0: Swinging Strike 0-1: Ball Kelan Rae steals 2nd base 1-1: Ball 2-1: Foul Ball, location: 2F 2-2: Strikes out swinging, 2-3 out at first.
|
| Bottom of the 4th over - 0 runs, 0 hits, 0 errors, 1 left on base; Victoria 2 - Madison 3 |
| TOP OF THE 5TH |
|
Victoria Capitals batting - Pitching for Madison Brewers : RHP Yan-hao Chiu
|
|
Pitching: RHP Pedro Campos
|
|
|
Batting: LHB Rick Harrison
|
0-0: Fly out, F5 (Popup, 5F, EV 83.1 MPH)
|
|
Batting: LHB Willard Balcome
|
0-0: Hit by Pitch
|
|
Batting: RHB Josh Rentz
|
0-0: Fielders Choice at 2nd, 5-4 (Groundball, 56, EV 85.0 MPH)
|
|
Batting: LHB Jason Cary
|
0-0: Ball 1-0: Ball 2-0: Ball 3-0: Base on Balls Josh Rentz to second
|
|
Batting: LHB Mike Jones
|
0-0: Called Strike 0-1: Ball 1-1: Fly out, F7 (Flyball, 7, EV 91.9 MPH)
|
| Top of the 5th over - 0 runs, 0 hits, 0 errors, 2 left on base; Victoria 2 - Madison 3 |
| BOTTOM OF THE 5TH |
|
Madison Brewers batting - Pitching for Victoria Capitals : RHP Jon Lima
|
|
Batting: RHB Ben Follett
|
0-0: Called Strike 0-1: Ball 1-1: Foul Ball, location: 2F 1-2: Foul Ball, location: 2F 1-2: Ball 2-2: Fly out, F9 (Flyball, 89M, EV 82.5 MPH)
|
|
Batting: SHB Sammar Wambugu
|
0-0: Foul Ball, location: 2F 0-1: Foul Ball, location: 2F 0-2: Ball 1-2: Ball 2-2: SINGLE (Flyball, 89S, EV 98.8 MPH)
|
|
Batting: LHB Danny Roberts
|
0-0: Foul Ball, location: 2F 0-1: Swinging Strike 0-2: Ball Sammar Wambugu steals 2nd base (no throw) 1-2: Ball 2-2: Ball 3-2: Foul Ball, location: 2F 3-2: Fly out, F8 (Flyball, 8RM, EV 93.1 MPH)
|
|
Batting: RHB Jelani Griffin
|
0-0: Ball 1-0: Called Strike 1-1: Ball 2-1: Foul Ball, location: 2F 2-2: SINGLE (Groundball, 4M, EV 96.2 MPH) Sammar Wambugu to third Runner from 3rd tries for Home, SAFE, throw by CF to home
|
|
Batting: RHB Cory Taylor
|
0-0: Ball 1-0: Called Strike Jelani Griffin steals 2nd, throwing error, E2 Jelani Griffin to third 1-1: Fly out, F4 (Line Drive, 4, EV 73.1 MPH)
|
| Bottom of the 5th over - 1 run, 2 hits, 1 error, 1 left on base; Victoria 2 - Madison 4 |
| TOP OF THE 6TH |
|
Victoria Capitals batting - Pitching for Madison Brewers : RHP Pedro Campos
|
|
Batting: RHB Hyeon-cheong Lee
|
0-0: Ball 1-0: Ball 2-0: Swinging Strike 2-1: Ball 3-1: Called Strike 3-2: DOUBLE (Groundball, 3L, EV 104.4 MPH)
|
|
Pinch Hitting: LHB Yen-ti Zhu
|
0-0: Called Strike 0-1: Ball 1-1: Swinging Strike 1-2: Ball 2-2: SINGLE (Groundball, 34D, EV 98.1 MPH) Hyeon-cheong Lee to third
|
|
Pinch Hitting: RHB Nick Ellis
|
0-0: Foul Ball, location: 2F 0-1: Ball 1-1: Foul Ball, location: 2F 1-2: Fly out, F7 (Flyball, 7LSF, EV 91.2 MPH) Runner from 3rd tags up, OUT at HOME! 7-2 Yen-ti Zhu to second
|
|
Batting: RHB Caleb Dean
|
0-0: Called Strike 0-1: Called Strike 0-2: Foul Ball, location: 2F 0-2: Foul Ball, location: 2F 0-2: Ball 1-2: Foul Ball, location: 2F 1-2: Ball 2-2: Ball 3-2: Fly out, F8 (Flyball, 89D, EV 100.6 MPH)
|
| Top of the 6th over - 0 runs, 2 hits, 0 errors, 1 left on base; Victoria 2 - Madison 4 |
| BOTTOM OF THE 6TH |
|
Madison Brewers batting - Pitching for Victoria Capitals : RHP Jon Lima
|
|
Now at 3B: Nick Ellis
|
|
|
Now at SS: Rich Roberts
|
|
|
Batting: RHB Patrick Foote
|
0-0: Foul Ball, location: 2F 0-1: Ball 1-1: Foul Ball, location: 2F 1-2: Ball 2-2: Foul Ball, location: 2F 2-2: Ball 3-2: Foul Ball, location: 2F 3-2: Base on Balls
|
|
Pitching: RHP Terry Jeffrey
|
|
|
Batting: RHB Dave Guevara
|
0-0: Fly out, F9 (Flyball, 89D, EV 106.2 MPH)
|
|
Pinch Hitting: RHB Bobby Raya
|
0-0: Ball 1-0: Foul Ball, location: 2F 1-1: Foul Ball, location: 2F 1-2: Ball 2-2: Foul Ball, location: 2F 2-2: Ball 3-2: Grounds into double play, 6-4-3 (Groundball, 6, EV 105.6 MPH)
|
| Bottom of the 6th over - 0 runs, 0 hits, 0 errors, 0 left on base; Victoria 2 - Madison 4 |
| TOP OF THE 7TH |
|
Victoria Capitals batting - Pitching for Madison Brewers : RHP Pedro Campos
|
|
Now at 2B: Jackson Wither
|
|
|
Batting: LHB Rick Harrison
|
0-0: Ground out 4-3 (Groundball, 4M, EV 83.8 MPH)
|
|
Batting: LHB Willard Balcome
|
0-0: Ground out 4-3 (Groundball, 4MS, EV 80.0 MPH)
|
|
Batting: RHB Josh Rentz
|
0-0: SINGLE (Groundball, 34D, EV 109.4 MPH)
|
|
Batting: LHB Adam Lupfer
|
0-0: Ball 1-0: Foul Ball, location: 2F 1-1: SINGLE (Line Drive, 8RS, EV 103.8 MPH) Josh Rentz to second
|
|
Pinch Hitting: RHB Roberto Medina
|
0-0: Fly out, F5 (Popup, 5F, EV 76.9 MPH)
|
| Top of the 7th over - 0 runs, 2 hits, 0 errors, 2 left on base; Victoria 2 - Madison 4 |
| BOTTOM OF THE 7TH |
|
Madison Brewers batting - Pitching for Victoria Capitals : RHP Terry Jeffrey
|
|
Now in LF: Kevin Harris
|
|
|
Batting: LHB Andy Underwood
|
0-0: Ball 1-0: SINGLE (Line Drive, 8LS, EV 104.4 MPH)
|
|
Batting: RHB Ben Follett
|
0-0: Bunted foul 0-1: Bunted foul 0-2: Strikes out looking
|
|
Batting: SHB Sammar Wambugu
|
0-0: Ball 1-0: Ball 2-0: Ball 3-0: Base on Balls Andy Underwood to second
|
|
Batting: LHB Danny Roberts
|
0-0: Ball 1-0: Ball 2-0: Ball 3-0: Called Strike 3-1: Foul Ball, location: 2F 3-2: Base on Balls Andy Underwood to third Sammar Wambugu to second
|
|
Pitching: RHP Fernando Aguirre
|
|
|
Batting: RHB Jelani Griffin
|
0-0: Ball 1-0: Ball 2-0: Foul Ball, location: 2F 2-1: Swinging Strike 2-2: Fly out, F9 (Flyball, 9, EV 73.8 MPH)
|
|
Batting: RHB Cory Taylor
|
0-0: Ball 1-0: DOUBLE (Flyball, 78XD, EV 103.8 MPH) Andy Underwood scores Sammar Wambugu scores Danny Roberts to third
|
|
Batting: RHB Patrick Foote
|
0-0: SINGLE (Line Drive, 6D, EV 95.6 MPH) Danny Roberts scores Cory Taylor to third Runner from 3rd tries for Home, SAFE, throw by CF to home
|
|
Pinch Hitting: RHB Yang-cheng Kui
|
0-0: Called Strike 0-1: Ball 1-1: Fly out, F6 (Line Drive, 6, EV 71.2 MPH)
|
| Bottom of the 7th over - 4 runs, 3 hits, 0 errors, 1 left on base; Victoria 2 - Madison 8 |
| TOP OF THE 8TH |
|
Victoria Capitals batting - Pitching for Madison Brewers : RHP Pedro Campos
|
|
Now at SS: Yang-cheng Kui
|
|
|
Batting: RHB Hyeon-cheong Lee
|
0-0: Ball 1-0: Ball 2-0: Ground out 4-3 (Groundball, 4, EV 75.6 MPH)
|
|
Batting: SHB Rich Roberts
|
0-0: Called Strike 0-1: Ball 1-1: Ball 2-1: Swinging Strike 2-2: Strikes out looking
|
|
Batting: RHB Nick Ellis
|
0-0: Fly out, F8 (Line Drive, 8LD, EV 88.1 MPH)
|
| Top of the 8th over - 0 runs, 0 hits, 0 errors, 0 left on base; Victoria 2 - Madison 8 |
| BOTTOM OF THE 8TH |
|
Madison Brewers batting - Pitching for Victoria Capitals : RHP Fernando Aguirre
|
|
Pitching: RHP Ruben Mendoza
|
|
|
Batting: LHB Jackson Wither
|
0-0: Called Strike 0-1: Foul Ball, location: 2F 0-2: Ball 1-2: Ball 2-2: Foul Ball, location: 2F 2-2: Strikes out swinging
|
|
Batting: LHB Andy Underwood
|
0-0: Called Strike 0-1: Foul Ball, location: 2F 0-2: Fly out, F9 (Flyball, 9LS, EV 75.6 MPH)
|
|
Batting: RHB Ben Follett
|
0-0: Ball 1-0: Called Strike 1-1: Foul Ball, location: 2F 1-2: Strikes out swinging
|
| Bottom of the 8th over - 0 runs, 0 hits, 0 errors, 0 left on base; Victoria 2 - Madison 8 |
| TOP OF THE 9TH |
|
Victoria Capitals batting - Pitching for Madison Brewers : RHP Pedro Campos
|
|
Batting: RHB Caleb Dean
|
0-0: Foul Ball, location: 2F 0-1: Foul Ball, location: 2F 0-2: Strikes out swinging
|
|
Batting: LHB Rick Harrison
|
0-0: Foul Ball, location: 2F 0-1: Ball 1-1: Fly out, F7 (Flyball, 78M, EV 86.9 MPH)
|
|
Pinch Hitting: RHB Jeremy Marin
|
0-0: Called Strike 0-1: Foul Ball, location: 2F 0-2: Ball 1-2: Strikes out swinging
|
| Top of the 9th over - 0 runs, 0 hits, 0 errors, 0 left on base; Victoria 2 - Madison 8 |
|